[Event "*** Titled Tuesday Blitz"]
[Site "Chess.com"]
[Date "2020.11.03"]
[Round "3"]
[White "natelleka"]
[Black "crazy_but_lazy"]
[Result "0-1"]
[WhiteElo "2237"]
[BlackElo "2443"]
[TimeControl "180+1"]
[EndTime "10:31:35 PST"]
[Termination "crazy_but_lazy won by resignation"]

1. e4 c6 2. d4 d5 3. f3 dxe4 4. Nc3 e5 5. dxe5 Qxd1+ 6. Nxd1 Nd7 7. f4 Ne7 8. Nc3 Nc5 9. Be3 Nd5 10. Bxc5 Bxc5 11.
Nxe4 Be3 12. Nd6+ Ke7 13. f5 Bd4 14. Nf3 Bxb2 15. Rb1 Bc3+ 16. Kf2 Bb4 17. Nxc8+ Raxc8 18. Bc4 Bc5+ 19. Kg3 Nb6 20. Bb3 h6 21. Rhe1 Rhd8 22. Nh4 a5 23. f6+ Kf8 24. fxg7+ Kxg7 25. Nf5+ Kg6 26.
Nh4+ Kg7 27. Rf1 Rc7 28. a4 Nd5 29. Nf5+ Kg6 30. Nh4+ Kh7 31. Rbe1 Rg8+ 32. Kf3 Bb4 33. Re4 Re7 34. Nf5 Re6 35. Nd6 f6 36. Nxb7 fxe5 37.
Bxd5 cxd5 38. Re2 Rf8+ 39. Kg3 Rg6+ 40. Kh3 Rxf1 41. Rxe5 Rf7 42. Nd8 Rgf6 43. Ne6 Rxe6 44. Rxe6 Rc7 45. Rd6 Bxd6 46. Kg4 Rxc2 47. Kf5 Rc4 48.
Ke6 Rxa4 49. Kxd6 Rb4 50. Kxd5 Rb1 51. Kc5 a4 52. Kc4 a3 53. Kc3 a2 54. Kc2 a1=Q 55.
Kd3 Qa3+ 56. Kd4 Rb4+ 0-1

[Event "*** Titled Tuesday Blitz"]
[Site "Chess.com"]
[Date "2020.11.03"]
[Round "3"]
[White "almo64"]
[Black "hansen"]
[Result "0-1"]
[WhiteElo "2698"]
[BlackElo "2945"]
[TimeControl "180+1"]
[EndTime "10:31:36 PST"]
[Termination "hansen won on time"]

1. e4 c5 2. Nc3 e6 3. Nge2 a6 4.
d4 cxd4 5. Qxd4 Nc6 6. Qd2 Nf6 7. b3 Bb4 8. f3 d5 9. a3 Ba5 10. b4 Bc7 11. exd5 exd5 12. Bb2 d4 13. Na4 Nd5 14. O-O-O O-O 15. Kb1 Ne3 16. Rc1 Bf5 17. Ng3 Bg6 18.
Nc5 b5 19. Nb3 Bf4 20. Ne2 Bh6 21. f4 Nxc2 22. Rxc2 d3 23. Rc1 dxe2+ 24. Ka2 Qxd2 25. Nxd2 exf1=Q 26. Rhxf1 Ne7 27. g4 f6 28. h4 Rfd8 29. Nb3 Bf7 30. g5 Rd3 31. Rc3 Rxc3 32. Bxc3 Rd8 33. Kb2 Rd3 34. gxh6 Bxb3 35. Kxb3 Nd5 36.
Rc1 gxh6 37. Kb2 Kf7 38. Be1 Re3 39. Bf2 Re2+ 40. Rc2 Rxc2+ 41. Kxc2 Nxf4 42. Kc3 Ke6 43. Kd4 h5 44. Be3 Nd5 45. Bd2 Kd6 46. Be1 Ne7 47. Bg3+ Kc6 48. Bf2 Nf5+ 49. Ke4 Nd6+ 50. Kd4 Nc4 51.
Ke4 Kd6 52. Kf5 Ke7 53. Bc5+ Kf7 54. Ke4 Ke6 55. a4 bxa4 56. Kd4 Ne5 0-1

[Event "*** Titled Tuesday Blitz"]
[Site "Chess.com"]
[Date "2020.11.03"]
[Round "3"]
[White "cstevens1"]
[Black "exoticprincess"]
[Result "1-0"]
[WhiteElo "2679"]
[BlackElo "2875"]
[TimeControl "180+1"]
[EndTime "10:31:37 PST"]
[Termination "cstevens1 won on time"]

1. Nf3 d5 2. g3 c6 3. Bg2 Nf6 4. O-O Bf5 5. d3 h6 6. Nbd2 e6 7. Qe1 Bh7 8. e4 Be7 9. Qe2 O-O 10. Re1 a5 11. a4 Na6 12. b3 Nb4 13. e5 Nxc2 14.
exf6 Bxf6 15. Rb1 Nb4 16. d4 Nc2 17. Bb2 Nxe1 18. Rxe1 Be7 19. Ne5 Bb4 20. Rc1 Rc8 21.
Nd3 Bxd3 22. Qxd3 Qb6 23. Nf3 Bd6 24. Rf1 Qb4 25. h4 b5 26. Ra1 bxa4 27. Rxa4 Qb5 28. Bf1 Qxd3 29. Bxd3 Bb4 30. Ne5 Rfd8 31. Kf1 c5 32. dxc5 Rxc5 33. Ke2 Bc3 34. Bxc3 Rxc3 35. Rxa5 Rxb3 36. Ra7 Rf8 37. Nd7 Re8 38. Ne5 f6 39. Bg6 Rb2+ 40. Kf3 Reb8 41. Nd7 Rc8 42. Ra6 e5 43. Bf5 Rc3+ 44. Kg4 Kf7 45. Ra7 Rb4+ 46. Kh3 Ke8 47. Ra8+ Ke7 48. Ra7 Kd6 49. Nf8 Rc7 50.
Ra8 e4 51. Ng6 Rb2 52. Rd8+ Kc5 53. Nf4 Ra7 54. Rxd5+ Kc4 55. Bxe4 Rxf2 56. Rd8 1-0

[Event "*** Titled Tuesday Blitz"]
[Site "Chess.com"]
[Date "2020.11.03"]
[Round "3"]
[White "AntonovaNadezhda"]
[Black "alexsergeyev"]
[Result "1-0"]
[WhiteElo "2119"]
[BlackElo "2320"]
[TimeControl "180+1"]
[EndTime "10:31:38 PST"]
[Termination "AntonovaNadezhda won on time"]

1. d4 d5 2. Nf3 c6 3. e3 Nf6 4.
c4 Bf5 5. Nc3 e6 6. Nh4 Bg4 7.
Qb3 Qb6 8. h3 Bh5 9. g4 Bg6 10.
Nxg6 hxg6 11. Bg2 Nbd7 12. O-O Qc7 13. f4 O-O-O 14. cxd5 exd5 15. Bd2 g5 16. fxg5 Nxg4 17. hxg4 Qh2+ 18. Kf2 Bd6 19. Ne2 Qh4+ 20. Kf3 Qxg5 21.
Qd3 f5 22. gxf5 Rdf8 23. Nf4 Rxf5 24. Rh1 Rhf8 25. Rag1 Qe7 26. Bh3 R5f6 27. Rg4 g5 28.
Rxg5 Rxf4+ 29. exf4 Qxg5 30. Bxd7+ Kxd7 31. Rh7+ Kc8 32. Qe3 Rxf4+ 33. Ke2 Re4 34. Rh8+ Kc7 35. Qxe4 Qxd2+ 36. Kxd2 dxe4 37. Re8 c5 38. Rxe4 cxd4 39.
Rxd4 Bc5 40. Rc4 Kb6 41. Kc2 a6 42. Rg4 Bd6 43. a3 Kc7 44. Rg6 Be5 45. b3 Kb8 46. a4 Ka7 47. Kd3 Bc7 48. Kc4 Be5 49. b4 Bb2 50. a5 Bc1 51. Rf6 Be3 52. Rf7 1-0

[Event "*** Titled Tuesday Blitz"]
[Site "Chess.com"]
[Date "2020.11.03"]
[Round "3"]
[White "Gloomy_Wanderer"]
[Black "elisak43"]
[Result "1-0"]
[WhiteElo "2696"]
[BlackElo "2491"]
[TimeControl "180+1"]
[EndTime "10:31:39 PST"]
[Termination "Gloomy_Wanderer won by checkmate"]

1. d4 f6 2. e4 e6 3. Nc3 d5 4.
exd5 exd5 5. Qh5+ g6 6. Qxd5 Qxd5 7. Nxd5 Bd6 8. Bf4 Bxf4 9. Nxf4 Ne7 10. O-O-O g5 11.
Nd3 Nbc6 12. c3 b6 13. h4 Bf5 14. Ne2 O-O-O 15. Ng3 Bg6 16. Be2 h6 17. Bf3 Na5 18.
hxg5 hxg5 19. Rhe1 Nd5 20. Bg4+ Kb8 21. Bf5 Bxf5 22. Nxf5 Nc4 23. Rh1 a5 24. Rde1 a4 25.
Kc2 Kb7 26. b3 axb3+ 27. axb3 Na5 28. c4 Nf4 29. Nxf4 gxf4 30. Rxh8 Rxh8 31. Re4 Rh2 32. Rxf4 Rxg2 33. Ne3 Rg6 34. Nd5 Nc6 35. Kc3 Rg1 36. Nxf6 Rc1+ 37. Kb2 Rf1 38. Ng4 Nb4 39. Kc3 Na2+ 40.
Kd2 Rb1 41. Kc2 Rg1 42. Ne3 Nb4+ 43. Kc3 Na2+ 44. Kd2 Nc1 45. b4 Nb3+ 46. Kc3 Nc1 47.
Rf7 Kc8 48. b5 Ne2+ 49. Kd3 Nc1+ 50. Ke4 Ne2 51. Nd5 Rg4+ 52. f4 Ng3+ 53. Kf3 Rg8 54. Rxc7+ Kb8 55. Rc6 Nf1 56. Rxb6+ Ka7 57. Ra6+ Kb7 58.
c5 Nd2+ 59. Ke2 Nb3 60. c6+ Kc8 61. Ra8# 1-0

[Event "*** Titled Tuesday Blitz"]
[Site "Chess.com"]
[Date "2020.11.03"]
[Round "3"]
[White "SanchezKelvin"]
[Black "Ermito2020"]
[Result "1-0"]
[WhiteElo "2409"]
[BlackElo "2592"]
[TimeControl "180+1"]
[EndTime "10:31:40 PST"]
[Termination "SanchezKelvin won by resignation"]

1. d4 d5 2. c4 e6 3. Nf3 Nf6 4. Nc3 c6 5. Bg5 h6 6. Bxf6 Qxf6 7. e3 g6 8. Qc2 Qd8 9. h4 Bg7 10. Bd3 Nd7 11. O-O-O dxc4 12. Bxc4 b5 13. Bd3 Bb7 14. Ne4 Qe7 15. Kb1 Rc8 16. Rc1 e5 17. dxe5 Nxe5 18. Nxe5 Qxe5 19. h5 g5 20. Nc5 Ba8 21.
f4 Qe7 22. fxg5 Qxg5 23. Bf5 Rd8 24. Qe4+ Qe7 25. Qxe7+ Kxe7 26. Rcd1 Be5 27. g4 Bd6 28. b4 a5 29. a3 axb4 30. axb4 Bxc5 31. bxc5 Bb7 32.
e4 Rxd1+ 33. Rxd1 Bc8 34. Rd6 Bxf5 35. gxf5 Re8 36. Kc2 Kf8 37. Kd3 b4 38. Rxc6 Rd8+ 39. Rd6 Rc8 40. Kc4 b3 41. Rb6 Re8 42. Kd5 Rd8+ 43.
Kc6 Re8 44. Kd5 Rd8+ 45. Kc4 Re8 46. Kd3 Rd8+ 47. Ke3 Rc8 48. c6 f6 49. Kd4 Ke7 50. Kd5 Rd8+ 51. Kc5 Rd3 52. Rb7+ Kd8 53. Kc4 Rd6 54. Kxb3 Rxc6 55. Rh7 Rd6 56. Kc3 Ke8 57. Rxh6 Kf7 58. Rh7+ Kg8 59. Re7 Kf8 60. Re6 1-0

[Event "*** Titled Tuesday Blitz"]
[Site "Chess.com"]
[Date "2020.11.03"]
[Round "3"]
[White "petrkostenko"]
[Black "ChristopherYoo"]
[Result "1/2-1/2"]
[WhiteElo "2480"]
[BlackElo "2852"]
[TimeControl "180+1"]
[EndTime "10:31:40 PST"]
[Termination "Game drawn - insufficient material"]

1. e4 c6 2. d4 d5 3. exd5 cxd5 4. Bd3 Nc6 5. c3 Nf6 6. Bf4 Bg4 7. Qb3 e5 8. h3 Qe7 9. hxg4 exf4+ 10. Kf1 O-O-O 11. Nd2 Kb8 12. Re1 Qd6 13. g5 Nd7 14. Ngf3 Nb6 15. Qd1 Be7 16. b4 Rc8 17. Nb3 Na4 18. Qd2 g6 19.
Bb5 Nb6 20. Nc5 Nd8 21. Qe2 Rc7 22. a4 Nc8 23. a5 Bf8 24. Rh4 Bg7 25. Qd2 Ne6 26.
Ne5 Bxe5 27. Rxe5 Nxc5 28. bxc5 Rxc5 29. dxc5 Qxe5 30. Qxf4 Qxf4 31. Rxf4 Rf8 32. Bd7 Ne7 33. Be6 Kc7 34. Rxf7 Rxf7 35. Bxf7 Kc6 36. Ke2 Kxc5 37.
Kd3 a6 38. f4 Kd6 39. g4 Kc5 40. Be6 Kd6 41. Bf7 Kc5 42. Be6 Kd6 43. f5 gxf5 44. Bxf5 Ng6 45. Kd4 Nf8 46. Bd3 Ne6+ 47. Ke3 Nxg5 48. Kf4 Ne6+ 49. Kf5 Nc5 50. Bc2 Nd7 51.
Kg5 Kc5 52. Bxh7 Ne5 53. Kf4 Nf7 54. Bg8 Nh6 55. Be6 Nxg4 56. Kxg4 Kc4 57. Kf4 Kxc3 58.
Bxd5 Kb4 59. Bxb7 Kxa5 60. Bxa6 1/2-1/2

[Event "*** Titled Tuesday Blitz"]
[Site "Chess.com"]
[Date "2020.11.03"]
[Round "3"]
[White "gilbert_gm"]
[Black "ajdemipopushi"]
[Result "0-1"]
[WhiteElo "2571"]
[BlackElo "2391"]
[TimeControl "180+1"]
[EndTime "10:31:40 PST"]
[Termination "ajdemipopushi won on time"]

1. e4 c5 2. Nf3 g6 3. c3 d5 4.
exd5 Qxd5 5. Na3 Bg7 6. Bc4 Qe4+ 7. Be2 Nf6 8. Nb5 Na6 9. O-O O-O 10. Re1 b6 11. Bf1 Qb7 12. d4 Bg4 13. h3 Bxf3 14. Qxf3 Qxf3 15. gxf3 e6 16. Be3 Nd5 17. Rad1 Rfd8 18.
Bc4 cxd4 19. Bxd4 Nac7 20. Nxc7 Nxc7 21. Be3 Bf6 22. Bf4 Nd5 23. Bxd5 exd5 24. Be5 Kg7 25. Bd4 Rd7 26. Kg2 Rad8 27. f4 Bxd4 28. Rxd4 Kf6 29. Kf3 Re7 30. Rxe7 Kxe7 31. f5 gxf5 32. Kf4 Ke6 33.
Rd2 Rc8 34. Re2+ Kf6 35. Rd2 Rc4+ 36. Ke3 Ke5 37. f3 Rh4 38. Rh2 d4+ 39. cxd4+ Rxd4 40.
Rc2 f4+ 41. Ke2 Rd7 42. Rc6 f6 43. Rc8 Rg7 44. Re8+ Kf5 45. h4 Rg2+ 46. Kd3 Rxb2 47.
Re7 Rxa2 48. Rxh7 b5 49. Rb7 a6 50. Rb6 Ra3+ 51. Ke2 Kg6 52. Kf2 Ra2+ 53. Kg1 Ra4 54. Kg2 b4 55. Kh3 a5 56. Kg4 Ra1 57. h5+ Kg7 58.
Kf5 Rb1 0-1

[Event "*** Titled Tuesday Blitz"]
[Site "Chess.com"]
[Date "2020.11.03"]
[Round "3"]
[White "Rital44"]
[Black "Malev212"]
[Result "1-0"]
[WhiteElo "2482"]
[BlackElo "2524"]
[TimeControl "180+1"]
[EndTime "10:31:41 PST"]
[Termination "Rital44 won on time"]

1. e4 d5 2. exd5 Nf6 3. Nf3 Qxd5 4. d4 Bg4 5. Nc3 Qh5 6. Be2 Nc6 7.
Bf4 O-O-O 8. h3 Nxd4 9. Nxd4 Bxe2 10. Ncxe2 e5 11. g4 Qg6 12. Bxe5 Qe4 13. O-O Qxe5 14.
Qd3 c5 15. Qf5+ Qxf5 16. Nxf5 g6 17. Ne3 Nd5 18. Nxd5 Rxd5 19. Rad1 Rxd1 20. Rxd1 Bg7 21. c3 Rd8 22. Rxd8+ Kxd8 23. f4 Kd7 24. Kf2 Ke6 25.
Ke3 f5 26. b3 fxg4 27. hxg4 b5 28. c4 bxc4 29. bxc4 Bb2 30. Ke4 h5 31. f5+ gxf5+ 32. gxf5+ Kf6 33. Nf4 h4 34. Nd5+ Kg5 35. a4 a5 36. Nf4 Kg4 37. Nd3 Bd4 38. Ne5+ Kg5 39. Nf3+ Kh5 40. Kf4 Bf6 41. Ng1 Kh6 42. Nh3 Kg7 43. Kg4 Kf7 44. Kh5 Ke7 45. Kg6 Bc3 46.
Nf4 Kd6 47. f6 Kd7 48. Kg7 Be5 49. Ng6 Bd6 50. Nxh4 Ke6 51. Kg6 Ke5 52. Nf5 Bf8 53. Ng7 Kd4 54. Ne6+ Kxc4 55. Nxf8 1-0

[Event "*** Titled Tuesday Blitz"]
[Site "Chess.com"]
[Date "2020.11.03"]
[Round "3"]
[White "SamuelGhimpu2003"]
[Black "Zarikovs1999"]
[Result "1/2-1/2"]
[WhiteElo "2537"]
[BlackElo "2331"]
[TimeControl "180+1"]
[EndTime "10:31:41 PST"]
[Termination "Game drawn by repetition"]

1. d4 Nf6 2. c4 e6 3. Nc3 Bb4 4. Qc2 O-O 5. e4 d5 6. e5 Ne4 7. Bd3 c5 8. Ne2 Nc6 9. O-O cxd4 10. Nxe4 dxe4 11. Bxe4 h6 12. f4 Bc5 13. Kh1 Nb4 14. Qd1 d3 15. Nc3 Qd4 16. a3 Nc2 17. Rb1 Nxa3 18. bxa3 Qxc3 19. Qxd3 Qxd3 20. Bxd3 Rd8 21.
Be4 Rd4 22. Bf3 Rxc4 23. Rd1 Rd4 24. Bb2 Rxd1+ 25. Rxd1 Be7 26. Bc3 Kf8 27. Bb4 Bxb4 28. axb4 Ke7 29. h4 Bd7 30. Ra1 Bc6 31. Bxc6 bxc6 32.
Kg1 Kd7 33. Kf2 Kc7 34. Ke3 Kb6 35. Rd1 Rc8 36. g4 Rc7 37. f5 Kb5 38. Rd4 c5 39.
bxc5 Kxc5 40. fxe6 fxe6 41. Rd6 Re7 42. Kf4 a5 43. g5 a4 44. gxh6 gxh6 45. Kg4 Ra7 46. Kh5 a3 47. Rd1 a2 48. Ra1 Kd5 49. Kxh6 Kxe5 50.
Kg5 Kd4 51. h5 e5 52. h6 e4 53. Kf4 Rf7+ 54. Kg3 Ra7 55. Kf4 Rf7+ 56. Kg4 Ra7 57. Kf4 1/2-1/2

[Event "*** Titled Tuesday Blitz"]
[Site "Chess.com"]
[Date "2020.11.03"]
[Round "3"]
[White "Enriquack"]
[Black "chenxiaoyuer"]
[Result "1-0"]
[WhiteElo "2261"]
[BlackElo "2488"]
[TimeControl "180+1"]
[EndTime "10:31:41 PST"]
[Termination "Enriquack won by checkmate"]

1. e4 c5 2. Nf3 d6 3. d4 cxd4 4. Nxd4 Nf6 5. Nc3 Nc6 6. Bc4 Bd7 7. Be3 Ng4 8. Nxc6 bxc6 9. Bd2 g6 10. O-O Bg7 11. h3 Nf6 12. Bb3 O-O 13. f4 a5 14.
Qe2 Qb6+ 15. Be3 Qb7 16. a4 Be6 17. e5 dxe5 18. Bxe6 fxe6 19. fxe5 Nd5 20. Nxd5 exd5 21. Bd4 e6 22. b3 Qb4 23. Bb2 c5 24. Ba3 Qd4+ 25. Kh1 Bxe5 26. Rae1 Rxf1+ 27. Rxf1 Rf8 28. Bc1 Rxf1+ 29. Qxf1 Qe4 30. Qf2 c4 31. Bh6 Bg7 32. Bxg7 Kxg7 33. Qa7+ Kh6 34. bxc4 dxc4 35. Qxa5 Qe2 36.
Qc3 e5 37. a5 e4 38. a6 e3 39. a7 Qf1+ 40. Kh2 Qf4+ 41. Kh1 e2 42. a8=Q Qf1+ 43. Kh2 Qf4+ 44. Qg3 Qxg3+ 45. Kxg3 e1=Q+ 46. Kh2 Qe5+ 47. Kh1 Qe1+ 48. Kh2 Qc3 49. Qe4 Qd2 50. Kg3 c3 51. Kf3 Kg5 52. Qe3+ Qxe3+ 53. Kxe3 Kf5 54. Kd3 Ke5 55.
Kxc3 Kf4 56. Kd4 Kg3 57. c4 Kxg2 58. c5 Kxh3 59. c6 g5 60. c7 g4 61. c8=Q Kh2 62.
Qf5 h5 63. Qf2+ Kh3 64. Ke4 g3 65. Qg1 h4 66. Ke3 g2 67. Kf2 Kg4 68. Qxg2+ Kf4 69. Qh3 Ke5 70. Qxh4 Kd5 71. Qf4 Kc6 72. Qd4 Kb7 73.
Qd6 Ka7 74. Qb4 Ka8 75. Ke3 Ka7 76. Kd4 Ka8 77. Kd5 Ka7 78. Kd6 Ka8 79. Kc7 Ka7 80.
Qb7# 1-0

[Event "*** Titled Tuesday Blitz"]
[Site "Chess.com"]
[Date "2020.11.03"]
[Round "3"]
[White "IngOscarArdila"]
[Black "ShcufNaiRolf"]
[Result "0-1"]
[WhiteElo "2118"]
[BlackElo "2344"]
[TimeControl "180+1"]
[EndTime "10:31:41 PST"]
[Termination "ShcufNaiRolf won by resignation"]

1. d4 d5 2. Nf3 Nf6 3. g3 Bf5 4.
Bg2 c6 5. Bf4 e6 6. Nbd2 h6 7.
O-O Nbd7 8. c4 g5 9. Be5 Nxe5 10. dxe5 Nd7 11. Nd4 Bh7 12. f4 gxf4 13. gxf4 Rg8 14. Kh1 Qh4 15. Qe1 Qh5 16. Bf3 Qh3 17. Rg1 Rxg1+ 18.
Qxg1 Bc5 19. e3 O-O-O 20. Qg3 Qxg3 21. hxg3 Nb6 22. cxd5 Nxd5 23. N2b3 Bb6 24. Bxd5 Rxd5 25. Rc1 Kd7 26. Kh2 a6 27. Kh3 c5 28. Nf3 Rd3 29. Rc3 Rxc3 30. bxc3 Kc6 31. g4 Bb1 32. Nc1 Ba5 33.
c4 Bc3 34. g5 hxg5 35. Nxg5 Bb2 36. Nb3 Bxa2 37. Nd2 Bc1 38. Nde4 Bxc4 39. Nxf7 a5 40.
Nfd6 a4 41. Nxc4 b5 42. Ncd2 c4 43. Nxc4 bxc4 44. Kg4 Bxe3 45. Nc3 a3 46. Kf3 Bd4 47. Na2 Bb2 48. Ke4 Kd7 49. Ke3 Kc6 50. Ke4 c3 51. Kd3 Kd5 52. Nb4+ Kc5 53. Na2 Ba1 54. Kc2 Kd5 55. Nb4+ Ke4 56. Nd3 Bb2 57. f5 Kxf5 58. Kb3 Ke4 59. Kc2 a2 60. Nc5+ Kd5 61. Nb3 a1=Q 62.
Nxa1 Bxa1 0-1

[Event "*** Titled Tuesday Blitz"]
[Site "Chess.com"]
[Date "2020.11.03"]
[Round "3"]
[White "Flawless_Fighter"]
[Black "Aleksey_Sorokin"]
[Result "1/2-1/2"]
[WhiteElo "2668"]
[BlackElo "2875"]
[TimeControl "180+1"]
[EndTime "10:31:42 PST"]
[Termination "Game drawn - insufficient material"]

1. d4 Nf6 2. c4 g6 3. Nc3 d5 4. e3 Bg7 5. Nf3 O-O 6. Bd2 e6 7. Qc2 b6 8. cxd5 exd5 9. Be2 Bf5 10. Bd3 Bxd3 11. Qxd3 c5 12. dxc5 bxc5 13. Rd1 Nc6 14. O-O d4 15. Ne4 Qd5 16. Nxf6+ Bxf6 17. b3 Rfe8 18.
Rfe1 Re4 19. exd4 Rxe1+ 20. Rxe1 Nxd4 21. Nxd4 Bxd4 22. Qe4 Bxf2+ 23. Kxf2 Qxd2+ 24. Re2 Qd8 25. g3 Rc8 26. Rc2 Qd7 27. Kg2 Re8 28. Qf3 Re5 29.
Rf2 Qe7 30. Qc6 Kg7 31. Qf3 h5 32. Qc3 Kg8 33. Qf3 Re3 34. Qa8+ Kg7 35. Qd5 Re6 36. Qf3 Rd6 37. Qc3+ Rd4 38. Qf3 h4 39. gxh4 Rxh4 40. h3 Rh5 41. Qc3+ Kg8 42. Qf3 Rg5+ 43. Kh2 Qe5+ 44.
Qf4 Qe7 45. Qb8+ Kh7 46. Qf4 Rf5 47. Qg3 Re5 48. Rxf7+ Qxf7 49. Qxe5 Qf2+ 50. Kh1 Qf1+ 51. Kh2 Qf2+ 52. Kh1 Qxa2 53. Qxc5 Qb1+ 54. Kh2 Qb2+ 55.
Kh1 Qxb3 56. Qxa7+ Kh6 57. Qd7 Qf3+ 58. Kh2 Qf4+ 59. Kh1 Kg5 60. Kg2 Qe4+ 61. Kg3 Qf4+ 62. Kg2 Qf5 63. Qxf5+ Kxf5 64. Kg3 Kg5 65. h4+ Kh5 66. Kh3 g5 67. hxg5 Kxg5 1/2-1/2

[Event "*** Titled Tuesday Blitz"]
[Site "Chess.com"]
[Date "2020.11.03"]
[Round "3"]
[White "TheCavemanChesss"]
[Black "sergiochess83"]
[Result "0-1"]
[WhiteElo "2452"]
[BlackElo "2778"]
[TimeControl "180+1"]
[EndTime "10:31:42 PST"]
[Termination "sergiochess83 won by resignation"]

1. e4 c5 2. Nf3 d6 3. d4 cxd4 4.
Nxd4 Nf6 5. Nc3 a6 6. Bg5 Nbd7 7.
Bc4 Qb6 8. O-O Qxb2 9. Nd5 Nxd5 10. exd5 Qb4 11. Be2 g6 12. Re1 Bg7 13. c4 O-O 14.
Rb1 Qc5 15. Nb3 Qc7 16. Bxe7 Re8 17. Bg5 h6 18. Bd2 Ne5 19. Rc1 b6 20. Nd4 Bd7 21. Qb3 Rac8 22. Be3 g5 23. Rb1 Rb8 24. Rec1 Ng6 25.
Bd3 Nf4 26. Bxf4 gxf4 27. Nf5 Bxf5 28. Bxf5 Qe7 29. g3 Bd4 30. Qf3 Qg5 31. Bc2 Re7 32. Re1 Rbe8 33. Rxe7 Rxe7 34. Qd3 Qf6 35. Kg2 Kf8 36.
Rb3 fxg3 37. Qxg3 Re2 38. Rf3 Qg5 39. Bg6 Rxf2+ 40. Rxf2 Bxf2 41. Qxg5 hxg5 42. Kxf2 fxg6 43. a4 Kf7 44. Kf3 Kg7 45. Kg4 Kf6 46. h3 a5 47.
Kg3 Kf5 48. Kf3 g4+ 49. hxg4+ Ke5 50. Ke3 g5 51. Kf3 Kd4 52. Ke2 Ke4 53. Kd2 Kd4 54. Ke2 Kxc4 55. Ke3 Kxd5 56. Kd3 Ke5 57. Kc4 d5+ 58.
Kb5 d4 59. Kxb6 d3 60. Kxa5 d2 61. Kb6 d1=Q 62. a5 Kd6 63. a6 Qb3+ 64. Ka7 Kc7 0-1

[Event "*** Titled Tuesday Blitz"]
[Site "Chess.com"]
[Date "2020.11.03"]
[Round "3"]
[White "wanyaland"]
[Black "vanyakuba"]
[Result "0-1"]
[WhiteElo "2272"]
[BlackElo "2516"]
[TimeControl "180+1"]
[EndTime "10:31:43 PST"]
[Termination "vanyakuba won by resignation"]

1. d4 d5 2. c4 e6 3. Nc3 c5 4. cxd5 cxd4 5. Qxd4 Nc6 6. Qd1 exd5 7. Qxd5 Be6 8. Qb5 a6 9. Qa4 b5 10. Qd1 Qxd1+ 11. Kxd1 O-O-O+ 12. Bd2 Nf6 13. f3 Bc5 14. Ke1 Kb7 15. Rc1 Bb6 16. e4 Nb4 17. a3 Nd3+ 18. Bxd3 Rxd3 19. Nge2 Rhd8 20. Bg5 h6 21. Bh4 Bc4 22.
Bxf6 gxf6 23. h4 Be3 24. Rd1 Rd2 25. Rxd2 Rxd2 26. b4 Rc2 27. Rh3 Bd2+ 28. Kd1 Bb3 29. Nd4 Rxc3+ 30. Nxb3 Rxb3 31. Kxd2 Rxa3 32. Rg3 Rb3 33.
Rg7 Rxb4 34. Rxf7+ Kc8 35. Rxf6 a5 36. Rxh6 a4 37. Ra6 Rb2+ 38. Ke3 Rxg2 39. h5 Rh2 40. h6 Kb7 41. Ra5 Kb6 42. Ra8 Rxh6 43. f4 Rh3+ 44. Kd4 a3 45. f5 b4 46. f6 Rf3 47. e5 b3 48. Rxa3 b2 49. Ra8 Kb7 50.
Ke4 b1=Q+ 51. Kxf3 Kxa8 0-1

[Event "*** Titled Tuesday Blitz"]
[Site "Chess.com"]
[Date "2020.11.03"]
[Round "3"]
[White "Supernotar"]
[Black "davidkalashian"]
[Result "1-0"]
[WhiteElo "2851"]
[BlackElo "2601"]
[TimeControl "180+1"]
[EndTime "10:31:45 PST"]
[Termination "Supernotar won on time"]

1. d4 Nf6 2. c4 e6 3. Nf3 b6 4. g3 Ba6 5. Nbd2 Bb4 6. Qc2 O-O 7. Bg2 Bb7 8. O-O Bxd2 9. Qxd2 d6 10. b3 Nbd7 11. Bb2 Re8 12. Rad1 Qe7 13. Ne1 Bxg2 14. Nxg2 Rad8 15. Nf4 e5 16. dxe5 Nxe5 17. Nd5 Nxd5 18. cxd5 Qd7 19. Kg2 c5 20. dxc6 Qxc6+ 21. Qd5 Qxd5+ 22. Rxd5 Nc6 23. e3 Nb4 24. Rd2 Nxa2 25.
Ra1 Nb4 26. Rxa7 d5 27. Rb7 Re6 28. Bd4 h5 29. Bxb6 Rc8 30. Ba5 Nc6 31. Rxd5 Nxa5 32. Rxa5 Rc2 33. Rb8+ Kh7 34. Rxh5+ Kg6 35. Rh4 Rxe3 36.
Rg4+ Kh7 37. Rf4 f6 38. Rb7 Ree2 39. h4 Rb2 40. b4 Red2 41. g4 Kh6 42. Rb5 Kg6 43.
h5+ Kh7 44. Rb7 Kh6 45. Rb5 Kh7 46. Kg3 Rd3+ 47. f3 Rdb3 48. Re4 Rc2 49. Rb7 Rcc3 50. Rf4 Kh6 51. Rf5 Kh7 52. Rxf6 Rxb4 53. Rxb4 gxf6 54.
Kf4 Kg7 55. Rb7+ Kh6 56. Rf7 Rc4+ 57. Kf5 Rc5+ 58. Kxf6 Rf5+ 59. gxf5 1-0

[Event "*** Titled Tuesday Blitz"]
[Site "Chess.com"]
[Date "2020.11.03"]
[Round "3"]
[White "Das_Virus_2020"]
[Black "Kaslask"]
[Result "0-1"]
[WhiteElo "2415"]
[BlackElo "2290"]
[TimeControl "180+1"]
[EndTime "10:31:46 PST"]
[Termination "Kaslask won by resignation"]

1. e4 c5 2. c3 e6 3. d4 d5 4. e5 Nc6 5. Nf3 Bd7 6. a3 Rc8 7. b4 cxd4 8. cxd4 b5 9. Bd3 a5 10. bxa5 Nxa5 11. O-O Nc4 12. h4 h6 13. h5 Qa5 14.
Qe2 Ne7 15. Bf4 Nc6 16. Nbd2 Qb6 17. Nb3 N6a5 18. Nxa5 Qxa5 19. g4 Be7 20. g5 hxg5 21.
Nxg5 Qc3 22. Nf3 Bxa3 23. Kg2 b4 24. Rh1 Nb2 25. Bb5 Bxb5 26. Qxb5+ Qc6 27. Qe2 Qc4 28. Qe3 Qd3 29. Qxd3 Nxd3 30. Be3 Rc2 31. Rab1 Kd7 32. Ng5 Ke7 33. Nf3 Bb2 34. Bg5+ Kd7 35. Be3 Bc3 36.
Rh3 Rb2 37. Rd1 Nxf2 38. Bxf2 b3 39. Kg3 Rc2 40. Rhh1 b2 41. Rb1 Re2 42. Kg2 Kc6 43. h6 Rxh6 44. Rxh6 gxh6 45. Ng1 Rc2 46. Kf3 Rc1 47.
Rxb2 Bxb2 48. Be3 Rd1 49. Ne2 Kb5 50. Bxh6 Kc4 51. Be3 Bxd4 52. Bf4 Bb2 53. Kg4 d4 54. Ng3 d3 55. Ne4 Rg1+ 56. Kf3 Bc1 57. Nf2 Bxf4 58. Kxf4 Rf1 59. Ke3 Rxf2 60. Kxf2 Kc3 61. Ke3 Kc2 62. Kd4 d2 63. Kc5 d1=Q 64. Kc6 Qd5+ 0-1

[Event "*** Titled Tuesday Blitz"]
[Site "Chess.com"]
[Date "2020.11.03"]
[Round "3"]
[White "Oligan22"]
[Black "Happy1712Drummer"]
[Result "1/2-1/2"]
[WhiteElo "2392"]
[BlackElo "2203"]
[TimeControl "180+1"]
[EndTime "10:31:46 PST"]
[Termination "Game drawn by repetition"]

1. e4 c6 2. d4 d5 3. e5 Bf5 4.
h4 h5 5. Bg5 Qb6 6. Bd3 Bxd3 7.
Qxd3 e6 8. Nc3 Nd7 9. Nf3 Bb4 10. O-O Nh6 11. a3 Bf8 12. Ne2 Nf5 13. c4 Qa6 14. Rac1 Nb6 15. Nd2 Be7 16. Bxe7 Nxe7 17. Qc2 dxc4 18.
Nxc4 Nxc4 19. Qxc4 Qxc4 20. Rxc4 O-O-O 21. Ng3 g6 22. Ne4 Kb8 23. Nd6 Rhf8 24. Rb4 Rd7 25. Rc1 Nf5 26. Nxf5 gxf5 27. Rxc6 Rfd8 28. Rcc4 Rd5 29.
Kf1 a5 30. Rb6 Rxd4 31. Rxd4 Rxd4 32. Rb5 a4 33. g3 f4 34. Ke2 fxg3 35. fxg3 Rc4 36.
Kf3 Kc7 37. Rb4 Rc2 38. Kf4 Rf2+ 39. Ke3 Rf5 40. Ke4 Rf2 41. Rxa4 Rxb2 42. Kf3 Rb3+ 43. Kf4 Rb2 44. Rc4+ Kd7 45. Rb4 Ra2 46. a4 Ke8 47. Kg5 Ra3 48. Kxh5 Rxg3 49. Rxb7 Ra3 50. Ra7 Kf8 51. Kg5 Rg3+ 52. Kf4 Rh3 53. Kg4 Re3 54. Kf4 Rh3 55. Kg5 Re3 56. Kf6 Rf3+ 57. Kg5 Rf5+ 58. Kg4 Rxe5 59. a5 Kg7 60. a6 Ra5 61. Kf4 Ra4+ 62.
Kg3 Kg6 63. Kh3 f6 64. Kg3 Ra3+ 65. Kg4 Ra4+ 66. Kg3 Ra3+ 67. Kg4 Ra4+ 68. Kg3 1/2-1/2

[Event "*** Titled Tuesday Blitz"]
[Site "Chess.com"]
[Date "2020.11.03"]
[Round "3"]
[White "DryCounty"]
[Black "MaxLeto"]
[Result "1-0"]
[WhiteElo "2574"]
[BlackElo "2361"]
[TimeControl "180+1"]
[EndTime "10:31:48 PST"]
[Termination "DryCounty won by resignation"]

1. e4 c5 2. Nf3 d6 3. d4 cxd4 4.
Nxd4 Nf6 5. Nc3 a6 6. Be2 e6 7. a4 Nc6 8. Be3 Be7 9. O-O O-O 10. f4 Qc7 11. Kh1 Re8 12. Bf3 Rb8 13. g4 Nxd4 14. Bxd4 e5 15. fxe5 dxe5 16. Ba7 Ra8 17.
g5 Nd7 18. Nd5 Qd6 19. Be3 Nf8 20. Bg4 Ng6 21. Bf5 Be6 22. c4 Rac8 23. b3 b5 24.
axb5 axb5 25. c5 Qc6 26. b4 Rcd8 27. Bxg6 Rxd5 28. exd5 Bxd5+ 29. Kg1 hxg6 30. Qg4 Be6 31. Qg2 e4 32. Rf4 Bf5 33. Raf1 Rd8 34. Qe2 Rd3 35. h4 Bd8 36. Rd1 Bc7 37. Rff1 Qd5 38. Rxd3 exd3 39. Qf3 Qe5 40. Bf4 Qd4+ 41. Qe3 Qxe3+ 42. Bxe3 Be5 43.
Rc1 Bg4 44. Kf2 Bb2 45. Rb1 Bc3 46. Rb3 Be5 47. Rxd3 f5 48. Rd8+ Kf7 49. c6 f4 50.
Bc5 Bc7 51. Rf8+ Ke6 52. Rc8 Bd6 53. Bxd6 Kxd6 54. Rg8 Kxc6 55. Rxg7 Bf5 56. Rf7 Kd5 57. Rxf5+ gxf5 58. Kf3 Kc4 59. g6 Kxb4 60. g7 Ka3 61. g8=Q b4 62. h5 b3 63. h6 b2 64. Qa8+ Kb3 65.
Qb8+ Ka2 66. Qxb2+ Kxb2 67. h7 1-0